 Dungeon Crawl Stone Soup version 0.27.0-1-g7a089689b8 (webtiles) character file.

Game seed: 6094376165208672875

11 Spectrina the Ducker (level 2, 0/18 HPs)
             Began as a Deep Elf Monk on Aug 10, 2021.
             Slain by Natasha (5 damage)
             ... on level 2 of the Dungeon.
             The game lasted 00:02:15 (250 turns).

Spectrina the Ducker (Deep Elf Monk)                 Turns: 250, Time: 00:02:17

Health: 0/18       AC:  2    Str:  8    XL:     2   Next: 17%
Magic:  3/5        EV: 13    Int: 14    God:
Gold:   0          SH:  0    Dex: 17    Spells: 1/2 levels left

rFire    . . .     SeeInvis .   g - +0 dagger
rCold    . . .     Faith    .   (no shield)
rNeg     . . .     Spirit   .   b - +0 robe
rPois    .         Reflect  .   (no helmet)
rElec    .         Harm     .   (no cloak)
rCorr    .         Rampage  .   (no gloves)
Will     .....                  (no boots)
Stlth    ++........             (no amulet)
HPRegen  0.06/turn              (no ring)
MPRegen  0.09/turn              (no ring)

@: no status effects
A: no striking features
a: no special abilities


You were on level 2 of the Dungeon.
You visited 1 branch of the dungeon, and saw 2 of its levels.

Inventory:

Hand Weapons
 a - a +0 short sword
 g - a +0 dagger (weapon)
Armour
 b - a +0 robe (worn)
Wands
 e - a wand of polymorph (7)
Scrolls
 c - a scroll of enchant armour {unknown}
 d - a scroll of fear {unknown}
 f - a scroll of torment {unknown}
Potions
 h - a potion of heal wounds {unknown}


   Skills:
 - Level 2.4 Fighting
 - Level 3.0 Short Blades
 - Level 3.6 Dodging
 - Level 2.6 Stealth
 - Level 0.6 Spellcasting
 + Level 1.2 Ice Magic
 - Level 0.9 Invocations


You had one spell level left.
You knew the following spells:

 Your Spells              Type           Power      Damage    Failure   Level
a - Freeze                Ice            12%        1d4       16%         1

Your spell library contained the following spells:

 Spells                   Type           Power      Damage    Failure   Level
 Frozen Ramparts          Ice            6%         1d2       43%         3
 Hailstorm                Conj/Ice       2%         3d3       91%         4


Dungeon Overview and Level Annotations

Branches:
Dungeon (2/15)

Altars:

Annotations:
D:2 Natasha


Message History

The kobold is severely wounded.
The kobold closely misses you.
Casting: Freeze (safe; 17% risk of failure)
Confirm with . or Enter, or press ? or * to list all spells.
Aiming: Freeze (safe; 17% risk of failure)
Press: ? - help, Shift-Dir - straight line, f/p - kobold
Aim: a kobold, wielding a +0 dagger (severely wounded)
You freeze the kobold.
You kill the kobold!
Things that are here:
a +0 dagger; a kobold corpse
g - a +0 dagger
h - a cyan potion
There is a stone staircase leading down here.
You climb downwards.
Level annotation: Natasha
There is a stone staircase leading up here.
g - a +0 dagger (weapon)
Natasha hisses angrily.
The endoplasm quivers.
Natasha claws you.
Unknown command.
Casting: Freeze (safe; 16% risk of failure)
Confirm with . or Enter, or press ? or * to list all spells.
Aiming: Freeze (safe; 16% risk of failure)
Press: ? - help, Shift-Dir - straight line, f - Natasha
Aim: Natasha You freeze Natasha.
Natasha is moderately wounded.
Natasha claws you!
* * * LOW HITPOINT WARNING * * *
Casting: Freeze (safe; 16% risk of failure)
Confirm with . or Enter, or press ? or * to list all spells.
Aiming: Freeze (safe; 16% risk of failure)
Press: ? - help, Shift-Dir - straight line, f/p - Natasha
Aim: Natasha (moderately wounded)
You freeze Natasha.
Natasha is moderately wounded.
Natasha claws you.
You die...

#.... ###...... #....
......... #....
........# ..#######....
........# #............
....J...########.......>
........................
.......h.######..##.#.##
.....#.@## #.....#.#
.........# ####....##.#
...."#...###.......##.#
...................##.#
...................##.#
................#####.
............##.## #.##
.....>......##.# #...
.#.#.......###.# ##...


You could see Natasha and an endoplasm.

Vanquished Creatures
  A goblin (D:2)
  A hobgoblin (D:2)
  4 jackals (D:1)
  A kobold (D:1)
  A quokka (D:1)
  A frilled lizard (D:2)
9 creatures vanquished.

Notes
Turn   | Place    | Note
-------+----------+-------------------------------------------
     0 | D:1      | Spectrina the Deep Elf Monk began the quest for the Orb.
     0 | D:1      | Reached XP level 1. HP: 13/13 MP: 3/3
   127 | D:2      | Learned a level 1 spell: Freeze
   131 | D:2      | Noticed Natasha
   166 | D:2      | Reached XP level 2. HP: 11/18 MP: 5/5
   188 | D:2      | Reached skill level 1 in Ice Magic
   250 | D:2      | Slain by Natasha

Illustrated notes

Levels and vault maps discovered:
D:1:      tarquinn_simple_flora_water_a, layout_rooms, solitary_fountain,
          minmay_pentomino_p2
D:2:      layout_rooms, uniq_natasha

Skill      XL: |  1  2 |
---------------+-------+-----
Ice Magic      | 1 |  1.2
Fighting       | |  2.4
Short Blades   | |  3.0
Dodging        | |  3.6
Stealth        | |  2.6
Spellcasting   | |  0.6
Invocations    | |  0.9

Action                   || total
-------------------------++-------
Melee: Short sword       ||    22
 Cast: Freeze            ||     5
 Stab: Sleeping          ||     2
Armor: Robe              ||     4
Dodge: Dodged            ||    14
